 Dungeon Crawl Stone Soup version 0.32-a0-913-g739538afd8 (webtiles) character file.

Game seed: 12742687665198686093

55 zazu2006 the Cleaver (level 3, -2/28 HPs)
             Began as a Gnoll Wanderer on Apr 9, 2024.
             Was an Initiate of Vehumet.
             Slain by a gnoll
             ... wielding a +0 flail
             ... led by a gnoll bouda
              (7 damage)
             ... on level 4 of the Dungeon.
             The game lasted 00:02:55 (734 turns).

zazu2006 the Cleaver (Gnoll Wanderer)                Turns: 734, Time: 00:02:56

Health: -2/28      AC:  3    Str: 13    XL:     3   Next: 93%
Magic:  4/4        EV: 10    Int: 11    God:    Vehumet [......]
Gold:   73         SH:  4    Dex: 11    Spells: 4/4 levels left

rFire   . . .        a - +0 hand axe
rCold   . . .        d - +0 buckler
rNeg    . . .        f - +0 leather armour
rPois   .            (no helmet)
rElec   .            (no cloak)
rCorr   .            (no gloves)
SInv    .            (no boots)
Will    .....        (no amulet)
Stlth   ++           (no ring)
HPRegen 0.24/turn    (no ring)
MPRegen 0.09/turn

%: no passive effects
@: no status effects
A: fangs 1, strong nose, distributed training
a: Renounce Religion


You were on level 4 of the Dungeon.
You worshipped Vehumet.
Vehumet was noncommittal.
You visited 2 branches of the dungeon, and saw 6 of its levels.

You collected 73 gold pieces.

Inventory:

Hand Weapons
 a - a +0 hand axe (weapon)
Armour
 d - a +0 buckler (worn)
 f - a +0 leather armour (worn)
Jewellery
 i - a ring of wizardry
Scrolls
 b - a scroll of butterflies
 e - a scroll of blinking
 h - a scroll of enchant armour {unknown}
 j - a scroll of fear {unknown}
Potions
 c - a potion of might
 g - 2 potions of enlightenment
 k - a potion of attraction {unknown}


   Skills:
 + Level 2.7 Fighting
 + Level 1.0 Short Blades
 + Level 1.0 Long Blades
 + Level 8.5 Axes
 + Level 1.0 Maces & Flails
 + Level 1.0 Polearms
 + Level 1.0 Staves
 + Level 1.0 Ranged Weapons
 + Level 1.0 Throwing
 + Level 1.0 Armour
 + Level 2.7 Dodging
 + Level 2.5 Stealth
 + Level 2.7 Shields
 + Level 4.6 Unarmed Combat
 + Level 1.0 Spellcasting
 + Level 0.7 Conjurations
 + Level 0.7 Hexes
 + Level 0.7 Summonings
 + Level 0.7 Necromancy
 + Level 0.7 Translocations
 + Level 0.7 Fire Magic
 + Level 0.7 Ice Magic
 + Level 0.7 Air Magic
 + Level 0.7 Earth Magic
 + Level 0.7 Alchemy
 + Level 1.1 Invocations
 + Level 1.0 Evocations
 + Level 0.9 Shapeshifting


You had 4 spell levels left.
You didn't know any spells.
Your spell library contained the following spells:

 Spells                   Type           Power      Damage    Failure   Level
 Alistair's Intoxication  Alch           1%         N/A       100%        5
 Borgnjor's Vile Clutch   Necr/Erth      1%         N/A       100%        5
 Eringya's Noxious Bog    Alch           1%         4d6       100%        6


Dungeon Overview and Level Annotations

Branches:
Dungeon (5/15)             Temple (1/1) D:4

Altars:
Cheibriados
Dithmenos
Fedhas
Gozag
Hepliaklqana
Nemelex Xobeh
Okawaru
Qazlal
Trog
Uskayaw
Vehumet
Wu Jian
Xom
Yredelemnul
Zin


Innate Abilities, Weirdness & Mutations

You have very sharp teeth.
Your uncanny sense of smell can sniff out nearby items.
Your experience applies equally to all skills.


Message History

You climb upwards.
There is a stone staircase leading down here.
You barely miss the gnoll. The gnoll misses you.
You closely miss the gnoll. The gnoll hits you with a +0 flail.
You hit the gnoll but do no damage. The gnoll hits you with a +0 flail.
You completely miss the gnoll. You block the gnoll's attack.
You closely miss the gnoll. The gnoll misses you.
You hit the gnoll.
The gnoll is lightly wounded.
You aren't carrying any items that you can evoke.
Okay, then.
You closely miss the gnoll. You bite the gnoll, but do no damage.
The gnoll is lightly wounded.
The gnoll hits you with a +0 flail.
You barely miss the gnoll. You bite the gnoll, but do no damage.
The gnoll is lightly wounded.
The gnoll hits you with a +0 flail.
You closely miss the gnoll.
The gnoll is lightly wounded.
The gnoll barely misses you.
You hit the gnoll. Your bite misses the gnoll.
The gnoll is lightly wounded.
The gnoll hits you with a +0 flail.
* * * LOW HITPOINT WARNING * * *
You hit the gnoll but do no damage. Your bite misses the gnoll.
The gnoll is lightly wounded.
The gnoll barely misses you.
You closely miss the gnoll.
The gnoll is lightly wounded.
The gnoll barely misses you.
You hit the gnoll but do no damage. Your bite misses the gnoll.
The gnoll is lightly wounded.
The gnoll closely misses you.
You closely miss the gnoll.
The gnoll is lightly wounded.
The gnoll barely misses you.
You barely miss the gnoll. Your bite misses the gnoll.
The gnoll is lightly wounded.
The gnoll is no longer moving quickly.
The gnoll hits you with a +0 flail!
You die...

#.# #.# +#...
##'######.# ...#
#......##.######...#
+......##..........#
#......########.##.#.#
#......# #...##.##.#.#
#......# #...##†##.#.#
#.....g###......##.#.#
#......@...........#.#
#....[.#.....#####...###
##'#####....## #...##.
#.# #....# #.%.##.
#.########## #...##.
#.##...# ........#....
#.##...###....#####.#..
#..+.....#....# #[##.
####..........# #.##.


You could see a gnoll.

Vanquished Creatures
  An iguana (D:4)
  An adder (D:2)
  A dart slug (D:1)
  2 bats
  An endoplasm (D:1)
  2 goblins (D:1)
  2 hobgoblins
  4 ball pythons
  A frilled lizard (D:2)
  3 kobolds
  A rat (D:2)
19 creatures vanquished.

Notes
Turn   | Place    | Note
-------+----------+-------------------------------------------
     0 | D:1      | zazu2006 the Gnoll Wanderer began the quest for the Orb.
     0 | D:1      | zazu2006 set off with the following items: a +0 hand axe, a
                  | scroll of butterflies, a potion of might, a +0 buckler, a
                  | scroll of blinking, a +0 leather armour.
     0 | D:1      | Reached XP level 1. HP: 17/17 MP: 1/1
   143 | D:1      | Reached XP level 2. HP: 17/23 MP: 2/2
   302 | D:2      | Reached XP level 3. HP: 26/28 MP: 3/3
   430 | D:3      | Found a shimmering altar of Xom.
   593 | D:4      | Reached skill level 1 in Short Blades
   593 | D:4      | Reached skill level 1 in Long Blades
   593 | D:4      | Reached skill level 1 in Maces & Flails
   593 | D:4      | Reached skill level 1 in Polearms
   593 | D:4      | Reached skill level 1 in Staves
   593 | D:4      | Reached skill level 1 in Ranged Weapons
   593 | D:4      | Reached skill level 1 in Throwing
   593 | D:4      | Reached skill level 1 in Armour
   593 | D:4      | Reached skill level 1 in Spellcasting
   593 | D:4      | Reached skill level 1 in Invocations
   593 | D:4      | Reached skill level 1 in Evocations
   650 | D:4      | Found a staircase to the Ecumenical Temple.
   660 | Temple   | Entered the Ecumenical Temple
   682 | Temple   | Became a worshipper of Vehumet
   716 | D:5      | Entered Level 5 of the Dungeon
   716 | D:5      | Noticed a scorpion
   734 | D:4      | Slain by a gnoll

Illustrated notes

Levels and vault maps discovered:
D:1:      dpeg_arrival_water_temple_mockup, layout_rooms
D:2:      layout_loops_ring
D:3:      layout_loops_ring, nicolae_ru_the_path_less_chosen, xom_teletrap_fun,
          shapermc_ecumenical_altar_rom_forum, serial_rivers,
          chequers_serial_rivers_micro_b, chequers_serial_rivers_micro_e,
          chequers_serial_rivers_room_b, chequers_serial_rivers_micro_c,
          chequers_serial_rivers_micro_d, chequers_serial_rivers_small_3
D:4:      layout_basic, minmay_temple_entry_purple_smoke
D:5:      minmay_spotlight, layout_layer_cave, tso_oasis_becter,
          nicolae_sif_muna_little_library, nicolae_ossuary_entry_ruins,
          nicolae_houndstooth_variations, uniq_ijyb, uniq_pikel
Temple:   nicolae_temple_superstar

Skill      XL: |  1  2  3 |
---------------+----------+-----
Short Blades   | 1 |  1.0
Long Blades    | 1 |  1.0
Maces & Flails | 1 |  1.0
Polearms       | 1 |  1.0
Staves         | 1 |  1.0
Ranged Weapons | 1 |  1.0
Throwing       | 1 |  1.0
Armour         | 1 |  1.0
Spellcasting   | 1 |  1.0
Invocations    | 1 |  1.1
Evocations     | 1 |  1.0
Fighting       | |  2.7
Axes           | |  8.5
Dodging        | |  2.7
Stealth        | |  2.5
Shields        | |  2.7
Unarmed Combat | |  4.6
Conjurations   | |  0.7
Hexes          | |  0.7
Summonings     | |  0.7
Necromancy     | |  0.7
Translocations | |  0.7
Fire Magic     | |  0.7
Ice Magic      | |  0.7
Air Magic      | |  0.7
Earth Magic    | |  0.7
Alchemy        | |  0.7
Shapeshifting  | |  0.9

Action                     || total
---------------------------++-------
  Melee: Hand axe          ||    70
         Bite              ||     6
    Use: Scroll            ||     1
         Potion            ||     1
 Armour: Leather armour    ||    37
  Dodge: Dodged            ||    26
  Block: Buckler           ||     9

Table legend: (Time is in decaauts)
 A = Elapsed time spent in this place.
 B = Non-inter-level travel time spent in this place.
 C = Inter-level travel time spent in this place.
 D = Time resting spent in this place.
 E = Time spent auto-exploring this place.
 F = Levels seen in this place.
 G = Mean time per level.
                   A        B        C        D        E       F      G
               +--------+--------+--------+--------+--------+-----+--------+
         Total |    729 |    650 |     79 |      0 |    320 |   6 |  121.5 |
       Dungeon |    696 |    649 |     47 |      0 |    320 |   5 |  139.2 |
        Temple |     33 |      1 |     32 |      0 |      0 |   1 |   33.0 |
               +--------+--------+--------+--------+--------+-----+--------+

Top non-repeatable levels by time:
     D:3: 197 daAuts
     D:4: 191 daAuts
     D:1: 169 daAuts
     D:2: 134 daAuts
  Temple: 33 daAuts
     D:5: 2 daAuts
